 Dungeon Crawl Stone Soup version 0.31.0-12-g77e489cdc1 (webtiles) character file.

Game seed: 11347263171186152725

245 SpectredLuna1 the Shield-Bearer (level 5, 0/43 HPs)
             Began as a Minotaur Fighter on Feb 20, 2024.
             Was a Follower of Hepliaklqana.
             Succumbed to a water moccasin's poison
             ... on level 5 of the Dungeon.
             The game lasted 00:15:10 (2888 turns).

SpectredLuna1 the Shield-Bearer (Minotaur Fighter)  Turns: 2888, Time: 00:15:11

Health: 0/43       AC: 10    Str: 23    XL:     5   Next: 83%
Magic:  4/4        EV:  6    Int:  5    God:    Hepliaklqana [*.....]
Gold:   226        SH: 13    Dex:  9    Spells: 4/4 levels left

rFire   . . .        a - +0 war axe
rCold   . . .        f - +1 tower shield
rNeg    . . .        n - +1 chain mail
rPois   .            (helmet restricted)
rElec   .            (no cloak)
rCorr   .            (no gloves)
SInv    .            (no boots)
Will    .....        q - amulet of the acrobat Stlth
                     u - ring of flight
HPRegen 0.27/turn    (no ring)
MPRegen 0.09/turn

%: acrobat
@: lethally poisoned (0 -> -7), flying, hasted, very quick
A: reduced essence, horns 2, retaliatory headbutt
a: Renounce Religion, Recall Ancestor, Ancestor Identity


You were on level 5 of the Dungeon.
You worshipped Hepliaklqana.
Hepliaklqana was aware of your devotion.
You visited 1 branch of the dungeon, and saw 5 of its levels.

You collected 226 gold pieces.

Inventory:

Hand Weapons
 a - a +0 war axe (weapon)
 t - a +2 dagger of holy wrath
Missiles
 l - 2 boomerangs (quivered)
Armour
 f - a +1 tower shield (worn)
 n - a +1 chain mail (worn)
Jewellery
 q - an amulet of the acrobat (around neck)
 u - a ring of flight (left hand)
Talismans
 r - a serpent talisman
Scrolls
 b - a scroll of brand weapon {unknown}
 c - a scroll of revelation {unknown}
 e - 2 scrolls of teleportation
 h - a scroll of blinking {unknown}
 j - a scroll of fog {unknown}
 k - 5 scrolls of identify
 m - a scroll of summoning {unknown}
 p - a scroll of amnesia {unknown}
Potions
 d - a potion of might
 g - 2 potions of enlightenment


   Skills:
 + Level 5.0 Fighting
 + Level 4.2 Axes
 + Level 5.0 Armour
 + Level 5.0 Shields


You had 4 spell levels left.
You didn't know any spells.
Your spell library contained the following spells:

 Spells                   Type           Power      Damage    Failure   Level
 Sandblast                Erth           0%         2d4       100%        1
 Passwall                 Erth           0%         N/A       100%        3
 Stone Arrow              Conj/Erth      0%         3d7       100%        3
 Brom's Barrelling Bould  Conj/Erth      0%         2d3       100%        4
 Iskenderun's Battlesphe  Conj           0%         2d6       100%        5
 Bombard                  Conj/Erth      0%         9d1       100%        6
 Spellforged Servitor     Conj/Summ      0%         N/A       100%        7


Dungeon Overview and Level Annotations

Branches:
Dungeon (5/15)
 Temple: D:4-7

Altars:
Hepliaklqana
Vehumet

Annotations:
D:4 Grinder


Innate Abilities, Weirdness & Mutations

Your life essence is reduced to manifest your ancestor. (-10% HP)
You have a pair of horns on your head.
You reflexively headbutt those who attack you in melee.


Message History

You headbutt the water moccasin, but do no damage.
You block the water moccasin's attack. x2
You miss the water moccasin. You headbutt the water moccasin.
The water moccasin is lightly wounded.
You block the water moccasin's attack. The water moccasin bites you.
You closely miss the water moccasin.
The water moccasin is lightly wounded.
The water moccasin bites you. The water moccasin barely misses you.
You miss the water moccasin.
The water moccasin is lightly wounded.
The water moccasin bites you. You block the water moccasin's attack.
The water moccasin bites you but does no damage.
You closely miss the water moccasin.
Your headbutt misses the water moccasin.
The water moccasin is lightly wounded.
The water moccasin bites you.
You are poisoned.
The water moccasin poisons you! The water moccasin bites you.
You are lethally poisoned!
The water moccasin poisons you!
You feel extremely sick.
As you read the scroll of fear, it crumbles to dust.
You assume a fearsome visage.
The water moccasin looks frightened!
* * * LOW HITPOINT WARNING * * *
You feel very sick.
It was a potion of magic.
Magic courses through your body.
* * * LOW HITPOINT WARNING * * *
You feel very sick.
It was a potion of haste.
You feel yourself speed up.
* * * LOW HITPOINT WARNING * * *
You feel very sick.
Okay, then.
There is a lethal amount of poison in your body!
* * * LOW HITPOINT WARNING * * *
You feel sick.
You begin transforming.
You continue transforming.
* * * LOW HITPOINT WARNING * * *
You feel sick.
You continue transforming.
You die...

..............
.....S.......
#..........#
#.........# #
###........#. #.
#............
#.##............
...
.....##..##<...
#....#.##..@.#
...
#...##.......# .
....#......##
..........##
###........#
##.......###.
#.<.........
#$.......#..
............# .


You could see a water moccasin (fleeing).

Vanquished Creatures
  A jelly (D:4)
  An orc priest (D:4)
  An iguana (D:3)
  2 gnolls (D:1)
  8 adders
  A dart slug (D:1)
  4 orcs
  8 ball pythons
  3 bats
  5 endoplasms
  A giant cockroach (D:1)
  6 goblins
  5 hobgoblins
  2 jackals (D:2)
  2 kobolds
  6 quokkas
  4 frilled lizards
  A rat (D:3)
61 creatures vanquished.

Vanquished Creatures (collateral kills)
  An orc (D:4)
  A hobgoblin (D:3)
  A rat (D:3)
3 creatures vanquished.

Vanquished Creatures (others)
  An ancestor (D:3)
1 creature vanquished.

Grand Total: 65 creatures vanquished

Notes
Turn   | Place    | Note
-------+----------+-------------------------------------------
     0 | D:1      | SpectredLuna1 the Minotaur Fighter began the quest for the
                  | Orb.
     0 | D:1      | Reached XP level 1. HP: 19/19 MP: 0/0
   121 | D:1      | Reached XP level 2. HP: 27/27 MP: 1/1
   399 | D:1      | Reached XP level 3. HP: 32/33 MP: 2/2
  1078 | D:2      | Reached XP level 4. HP: 40/40 MP: 3/3
  1183 | D:2      | Found a radiant altar of Vehumet.
  2072 | D:3      | Found a faded altar of an unknown god.
  2154 | D:3      | Prayed at the altar of an unknown god.
  2154 | D:3      | Became a worshipper of Hepliaklqana the Forgotten
  2154 | D:3      | Reached * piety under Hepliaklqana
  2466 | D:3      | Reached XP level 5. HP: 42/42 MP: 4/4
  2790 | D:4      | Reached skill level 5 in Shields
  2791 | D:4      | Reached skill level 5 in Fighting
  2791 | D:4      | Reached skill level 5 in Armour
  2844 | D:4      | Noticed Grinder
  2849 | D:4      | Paralysed by Grinder for 3 turns
  2856 | D:5      | Entered Level 5 of the Dungeon
  2870 | D:5      | Noticed a water moccasin
  2887 | D:5      | HP: 1/43 [poisoned by a water moccasin]
  2888 | D:5      | Succumbed to a water moccasin's poison

Illustrated notes

Levels and vault maps discovered:
D:1:      grunt_arrival_lava_bath, layout_loops_ring
D:2:      layout_loops_ring, basic_altar, minmay_tall_x
D:3:      layout_basic, hellmonk_ecumenical_altar_slurped_away,
          chequers_serial_rivers_large_a
D:4:      layout_rooms, cheibriados_altar_1, minmay_increasing_density,
          uniq_blork_the_orc, uniq_ijyb, uniq_grinder
D:5:      layout_cave_pools, mainiacjoe_overflow_cross_hatched,
          nicolae_ossuary_entry_catacombs, serial_shops, shop_statue,
          uniq_edmund, uniq_sigmund

Skill      XL: |  1  2  3  4  5 |
---------------+----------------+-----
Fighting       | 4 5 |  5.0
Armour         | 4 5 |  5.0
Axes           | 3 4 |  4.2
Shields        | 4 5 |  5.0

Action                     |  1- 3 |  4- 6 || total
---------------------------+-------+-------++-------
  Melee: War axe           |    75 |    73 ||   148
         Headbutt          |     7 |    11 ||    18
 Invoke: Recall Ancestor   |       |     1 ||     1
         Ancestor Identity |       |     1 ||     1
    Use: Scroll            |     1 |     6 ||     7
         Potion            |       |     2 ||     2
 Armour: Scale mail        |    64 |       ||    64
         Chain mail        |       |    48 ||    48
  Dodge: Dodged            |    30 |    36 ||    66
  Block: Tower shield      |    53 |    94 ||   147
         Buckler           |     4 |       ||     4
   Form: Serpent           |       |     1 ||     1
